 Dungeon Crawl Stone Soup version 0.21.1-1-g345015fe64 (webtiles) character file.

399 DildoBatman the Covered (level 7, -3/55 HPs)
             Began as a Formicid Enchanter on Feb 7, 2018.
             Slain by Grinder (4 damage)
             ... in a sewer.
             The game lasted 00:07:51 (2953 turns).

DildoBatman the Covered (Formicid Enchanter)        Turns: 2953, Time: 00:07:51

Health: -3/55      AC:  7    Str: 12    XL:     7   Next: 10%
Magic:  2/10       EV: 11    Int: 15    God:
Gold:   166        SH:  0    Dex: 11    Spells: 6/10 levels left

rFire    + . .     SeeInvis +   a - +1 short sword (venom)
rCold    + . .     Gourm    .   (no shield)
rNeg     . . .     Faith    .   m - +0 ring mail
rPois    +         Spirit   .   (helmet unavailable)
rElec    +         Reflect  .   (no cloak)
rCorr    +         Harm     .   g - +0 pair of gloves
MR       .....                  (no boots)
Stlth    ++........             (no amulet)
HPRegen  0.18/turn              t - -2 ring of strength (curse)
MPRegen  0.12/turn              (no ring)

@: resistant, very slightly contaminated
A: permanent stasis, dig shafts and tunnels, four strong arms, antennae 3
a: Dig, Shaft Self


You were in a sewer.
You were hungry.

You visited 1 branch of the dungeon, and saw 4 of its levels.
You also visited: Sewer.

You collected 166 gold pieces.

Inventory:

Hand Weapons
 a - a +1 short sword of venom (weapon)
 b - a +2 dagger of flaming
 u - a cursed -1 short sword
Armour
 g - a +0 pair of gloves (worn)
 m - a +0 ring mail (worn)
Jewellery
 t - a cursed -2 ring of strength (left hand)
Wands
 p - a wand of acid (8)
Scrolls
 d - 2 scrolls of remove curse {unknown}
 f - a scroll of fog {unknown}
 h - 5 scrolls of identify {unknown}
 i - 2 scrolls of immolation {unknown}
 j - a scroll of fear {unknown}
 k - a scroll of blinking {unknown}
 n - a scroll of teleportation {unknown}
 r - 2 scrolls of noise {unknown}
 s - a scroll of magic mapping {unknown}
 x - a scroll of enchant weapon {unknown}
Potions
 e - 2 potions of ambrosia {unknown}
 l - 3 potions of curing
 o - a potion of cancellation {unknown}
 q - a potion of agility {unknown}
 w - a potion of resistance
Books
 c - a book of Maledictions

   Spells                             Type                      Level
   a - Corona                         Hexes                        1
   b - Ensorcelled Hibernation        Hexes/Ice                    2
   c - Confuse                        Hexes                        3
   d - Tukima's Dance                 Hexes                        3
   e - Dazzling Spray                 Conjuration/Hexes            3
Comestibles
 v - 8 rations


   Skills:
 * Level 4.4 Fighting
 - Level 1.0 Short Blades
 * Level 4.4 Armour
 - Level 3.0 Dodging
 - Level 4.1 Stealth
 - Level 2.1 Spellcasting
 - Level 3.6 Hexes


You had 6 spell levels left.
You knew the following spells:

 Your Spells              Type           Power        Failure   Level  Hunger
a - Corona                Hex            ##.....      11%         1    #......
b - Confuse               Hex            ##......     30%         3    ###....


Dungeon Overview and Level Annotations

Branches:
Dungeon (4/15)
 Temple: D:4-7

Altars:
Vehumet

Annotations:
D:2 Terence
D:3 exclusions: orc priest and sensed monster (detected) Sewer Grinder


Innate Abilities, Weirdness & Mutations

You cannot be hasted, slowed, berserked, paralysed or teleported.
You can dig through walls and to a lower floor.
Your four strong arms can wield two-handed weapons with a shield.
You have a pair of large antennae on your head. (SInv)


Message History

You writhe in agony.
You hit Grinder.
Grinder is severely wounded.
The kobold hits you with a dagger. Grinder gestures at you.
Your stasis prevents you from being paralysed.
It was a potion of resistance.
You feel protected. The kobold hits you but does no damage.
Grinder barely misses you.
You barely miss Grinder.
Grinder is severely wounded.
The kobold hits you but does no damage. Grinder hits you but does no damage.
You barely miss Grinder.
Grinder is severely wounded.
The kobold barely misses you. Grinder hits you.
You writhe in agony.
You die...

#..{.K##≈≈.#..≈≈≈≈≈
#.≈≈≈.##≈≈.#..≈≈≈≈≈ #.....
#≈≈.#.≈≈≈≈≈≈ #'''#
#≈≈.#..≈≈≈≈≈ ####
##...###≈≈.#...≈≈≈≈
###...##..§..###.####.#≈##
#(..≈.'.§...÷)#.(.#≈≈.≈...
!)..§.'.K5_.§.(..≈≈≈≈≈.≈≈≈
#!..≈.'.§@...(#..≈#≈≈.≈).(
###...##..§..###.####.###)
### ##..(###≈≈.#...≈≈≈≈
##'('###≈≈.#..≈≈≈≈≈
#(...)##≈).#.≈≈≈≈≈≈
#.≈≈≈(##≈≈%#.≈≈≈≈≈≈
#.....##≈≈.#.≈≈≈≈≈≈
##...###≈≈.%.≈≈≈≈≈≈ #...#
##.#########


You could see Grinder and a kobold.

Vanquished Creatures
  2 big kobolds (Sewer)
  A quasit (Sewer)
  A hound skeleton (D:4)
  6 adders
  4 shadow imps (Sewer)
  3 ufetubi (Sewer)
  3 oozes
  2 worms
  A dart slug (D:2)
  7 orcs
  A giant cockroach (D:3)
  15 goblins
  A hobgoblin (D:1)
  6 jackals
  25 kobolds
  A ball python (D:4)
  13 bats
  5 frilled lizards
  A giant cockroach zombie (Sewer)
  6 rats
104 creatures vanquished.

Vanquished Creatures (others)
  An ooze (Sewer)
  A kobold zombie (Sewer)
2 creatures vanquished.

Grand Total: 106 creatures vanquished

Notes
Turn   | Place    | Note
-------+----------+-------------------------------------------
     0 | D:1      | DildoBatman the Formicid Enchanter began the quest for the Orb.
     0 | D:1      | Reached XP level 1. HP: 13/13 MP: 3/3
   231 | D:1      | Reached skill level 1 in Fighting
   251 | D:1      | Reached XP level 2. HP: 20/22 MP: 3/5
   511 | D:1      | Reached XP level 3. HP: 27/28 MP: 3/6
   516 | D:1      | Learned a level 3 spell: Confuse
  1120 | D:2      | Reached XP level 4. HP: 33/35 MP: 7/7
  1145 | D:2      | Reached skill level 1 in Armour
  1278 | D:2      | Found a faded altar of an unknown god.
  1533 | D:2      | Noticed Terence
  1614 | D:3      | Reached XP level 5. HP: 33/41 MP: 8/8
  1784 | D:3      | Found a radiant altar of Vehumet.
  2149 | D:4      | Found a glowing drain.
  2214 | Sewer    | Entered a sewer
  2462 | Sewer    | Reached XP level 6. HP: 26/47 MP: 9/9
  2616 | Sewer    | Found a burning altar of Makhleb.
  2769 | Sewer    | Noticed Grinder
  2903 | Sewer    | Reached XP level 7. HP: 55/55 MP: 3/10
  2953 | Sewer    | HP: 1/55 [Grinder (5)]
  2953 | Sewer    | Slain by Grinder

Skill      XL: |  1  2  3  4  5  6 |
---------------+-------------------+-----
Fighting       | 1 2 3 4 |  4.4
Dodging        | 2 3 |  3.0
Armour         | 2 3 4 |  4.4
Stealth        | 4 |  4.1
Short Blades   | |  1.0
Spellcasting   | |  2.1
Hexes          | |  3.6

Action                   |  1- 3 |  4- 6 |  7- 9 || total
-------------------------+-------+-------+-------++-------
Melee: Dagger            |    62 |     5 |       ||    67
       Short sword       |    31 |   214 |    25 ||   270
 Cast: Corona            |    14 |     7 |     1 ||    22
       Confuse           |       |     2 |     1 ||     3
 Abil: Dig               |     1 |       |       ||     1
  Use: Potion            |       |       |     2 ||     2
 Stab: Sleeping          |     4 |     4 |       ||     8
  Eat: Chunk             |     1 |     6 |       ||     7
Armor: Robe              |    22 |       |       ||    22
       Ring mail         |     6 |   105 |    12 ||   123
Dodge: Dodged            |    70 |   179 |    15 ||   264
